 Dungeon Crawl Stone Soup version 0.31-a0-774-g0d66cbabe8 (webtiles) character file.

Game seed: 12241516898208193329

9496 cforsyth the Fighter (level 11, 0/80 HPs)
             Began as a Djinni Delver on Sept 17, 2023.
             Was a High Priest of Hepliaklqana.
             Slain by Snorg (10 damage)
             ... on level 10 of the Dungeon.
             The game lasted 00:20:31 (9489 turns).

cforsyth the Fighter (Djinni Delver)                Turns: 9489, Time: 00:20:32

Health: 0/80       AC: 21    Str: 11    XL:     11   Next: 75%
Gold:   153        EV:  7    Int: 16    God:    Hepliaklqana [*****.] SH:  0 Dex: 22

rFire   + + +        h - +6 mace "Dokowy" {freeze, Contam Fly rCorr Dex+5}
rCold   x . .        (no shield)
rNeg    + . .        G - +6 chain mail of Action {Contam Regen+ Dex+2}
rPois   ∞            C - +0 helmet
rElec   .            (no cloak)
rCorr   +            K - +2 pair of gloves {hurl}
SInv    .            (boots unavailable)
Will    +....        (no amulet) Stlth
                     i - ring of positive energy
HPRegen 1.13/turn    l - ring of protection from fire
MPRegen 0.00/turn

%: infuse magic (-1 HP)
@: flying
A: reduced essence, sickness immunity, fire resistance 2, cold vulnerability 1,
float, innate caster, HP casting, extra vitality 1
a: Renounce Religion, Recall Ancestor, Ancestor Identity, Transference, Idealise


You were on level 10 of the Dungeon.
You worshipped Hepliaklqana.
Hepliaklqana was extremely pleased with you.
You visited 2 branches of the dungeon, and saw 11 of its levels.
You also visited: Sewer.

You collected 389 gold pieces.
You spent 236 gold pieces at shops.

Inventory:

Hand Weapons
 h - the +6 mace "Dokowy" (weapon) {freeze, Contam Fly rCorr Dex+5}
   (You found it on level 5 of the Dungeon)

   Dex+5:     It affects your dexterity (+5).
   Fly:       It grants you flight.
   Contam:    It causes magical contamination when unequipped.
   rCorr:     It protects you from acid and corrosion.
 u - the +6 mace of Vanity {flame, rPois Str+3}
   (You took it off an orc priest on level 3 of the Dungeon)

   Str+3:     It affects your strength (+3).
   rPois:     It protects you from poison
Missiles
 E - 2 throwing nets
Armour
 C - a +0 helmet (worn)
 G - the +6 chain mail of Action (worn) {Contam Regen+ Dex+2}
   (You found it on level 7 of the Dungeon)

   Dex+2:     It affects your dexterity (+2).
   Contam:    It causes magical contamination when unequipped.
   Regen+:    It increases your rate of health regeneration.
 K - a +2 pair of gloves of hurling (worn)
Jewellery
 i - a ring of positive energy (left hand)
 l - a ring of protection from fire (right hand)
Wands
 b - a wand of roots (1)
 g - a wand of digging (2)
 y - a wand of flame (17)
Scrolls
 a - a scroll of identify
 c - 2 scrolls of fog
 d - 2 scrolls of enchant weapon {unknown}
 e - a scroll of immolation {unknown}
 m - a scroll of blinking
 o - 3 scrolls of teleportation
 p - 3 scrolls of revelation
 s - 2 scrolls of butterflies {unknown}
 v - a scroll of poison {unknown}
 B - a scroll of enchant armour {unknown}
 F - a scroll of noise {unknown}
 H - a scroll of silence {unknown}
 J - a scroll of fear
Potions
 f - 3 potions of haste
 j - a potion of attraction {unknown}
 k - a potion of invisibility {unknown}
 n - 2 potions of heal wounds
 q - 4 potions of brilliance
 r - 3 potions of curing
 t - 2 potions of mutation
 w - a potion of berserk rage
 x - 2 potions of enlightenment
 z - 2 potions of lignification
 A - a potion of ambrosia {unknown}
 D - a potion of might
 I - a potion of degeneration {unknown}


   Skills:
 + Level 12.1 Fighting
 - Level 1.7 Long Blades
 + Level 6.7 Armour
 - Level 2.1 Dodging
 - Level 4.1 Stealth
 + Level 8.4 Spellcasting
 + Level 8.4 Conjurations
 + Level 8.4 Hexes
   Level 0.0 Charms
 + Level 8.4 Summonings
 + Level 8.4 Necromancy
 + Level 8.4 Translocations
 + Level 8.4 Transmutations
 + Level 8.4 Fire Magic
 + Level 8.4 Ice Magic
 + Level 8.4 Air Magic
 + Level 8.4 Earth Magic
 + Level 8.4 Poison Magic


You knew the following spells:

 Your Spells              Type           Power      Damage    Failure   Level
a - Apportation           Tloc           66%        N/A       8%          1
b - Searing Ray           Conj           66%        2d6       11%         2
c - Jinxbite              Hex            66%        N/A       11%         2
d - Leda's Liquefaction   Hex/Erth       16%        N/A       58%         4
e - Summon Lightning Spi  Summ/Air       33%        N/A       58%         4
Your spell library was empty.

Dungeon Overview and Level Annotations

Branches:
Dungeon (10/15)            Temple (1/1) D:4            Lair (0/5) D:8
  Sewer (visited)
    Orc: D:9-12

Altars:
Ashenzari
Cheibriados
Dithmenos
Elyvilon
Fedhas
Gozag
Hepliaklqana
Makhleb
Nemelex Xobeh
Okawaru
Qazlal
Ru
Trog
Uskayaw
Wu Jian
Xom
Yredelemnul
Zin
The Shining One

Shops:
D:1 :   D:6 =   D:8 [

Annotations:
D:10 Snorg


Innate Abilities, Weirdness & Mutations

Your life essence is reduced to manifest your ancestor. (-10% HP)
You are immune to sickness and miasma.
You are immune to poison.
Your flesh is very heat resistant. (rF++)
You are vulnerable to cold. (rC-)
You float through the air rather than walking.
You learn spells naturally, not from books.
Your magical power is your life essence.
You have superior vitality. (+4 MHP)


Message History

The grasping roots constrict Snorg.
Snorg escapes!
Aiming: Fastroot
Press: ? - help, Shift-Dir - straight line, f/p - Snorg
Aim: Snorg (severely wounded, berserk)
Okay, then.
Aiming: Fastroot
Press: ? - help, Shift-Dir - straight line, f/p - Snorg
Aim: Snorg (severely wounded, berserk)
The roots erupt in riotous growth!
Roots grab Snorg.
The grasping roots constrict Snorg.
Snorg struggles to escape constriction.
The grasping roots constrict Snorg.
The roots release their grip on Snorg.
Blink to where?
Press: ? - help, Dir - move target, p - Snorg
As you read the scroll of blinking, it crumbles to dust.
Aiming: Throw Flame
Press: ? - help, Shift-Dir - straight line, f - Snorg
Aim: Snorg (severely wounded, berserk, 68% to hit)
The puff of flame hits Snorg.
Snorg is almost dead.
Snorg rages.
Aiming: Throw Flame
Press: ? - help, Shift-Dir - straight line, f/p - Snorg
Aim: Snorg (almost dead, berserk, 68% to hit)
The puff of flame hits Snorg!
Snorg is almost dead.
Aiming: Throw Flame
Press: ? - help, Shift-Dir - straight line, f/p - Snorg
Aim: Snorg (almost dead, berserk, 68% to hit)
The puff of flame hits Snorg!
Snorg is almost dead.
Aiming: Throw Flame
Press: ? - help, Shift-Dir - straight line, f/p - Snorg
Aim: Snorg (almost dead, berserk, 68% to hit)
The puff of flame hits Snorg!
Snorg is almost dead.
Snorg bites you!
* * * LOW HITPOINT WARNING * * *
Snorg claws you but does no damage. Snorg claws you!
You die...

####.# #.........))########.
#.######....................
#..........#######..........
#..........# #....#####
#..........# #....#
#..........# #....#
#..........#######....#
#.....................#
#...........T@........#
#.....................#
#.....................#
#.....................#
#.....................#
#######################


You could see Snorg (berserk).

Vanquished Creatures
  2 two-headed ogres
  Grinder (D:3)
  Prince Ribbit (D:5)
  Sigmund (D:4)
  A wraith (D:10)
  A wyvern (D:9)
  A steam dragon (D:9)
  A basilisk (D:7)
  An acid dragon (D:8)
  A water moccasin (Sewer)
  An ice beast (D:6)
  2 black bears
  An orc warrior (D:9)
  2 ogres
  2 centaurs
  2 kobold brigands (D:9)
  4 bullfrogs
  A scorpion (D:5)
  6 wights
  7 killer bees (D:9)
  4 howler monkeys
  An electric eel (D:9)
  3 hounds
  A jelly (D:5)
  5 orc priests
  A sleepcap (D:7)
  3 iguanas
  4 orc wizards
  Robin (D:4)
  10 adders
  2 worms
  A dart slug (D:1)
  19 orcs
  4 endoplasms
  7 giant cockroaches
  8 goblins
  10 hobgoblins
  4 jackals (D:2)
  16 kobolds
  8 quokkas
  6 ball pythons
  3 bats
  3 frilled lizards
  3 rats
166 creatures vanquished.

Vanquished Creatures (collateral kills)
  Erica (D:9)
  Maurice (D:9)
  A troll (D:9)
  A hornet (D:9)
  2 wyverns
  A vampire (D:8)
  A shadow (D:10)
  A yak (D:7)
  A basilisk (D:8)
  A steam dragon (D:8)
  4 orc warriors
  A black bear (D:8)
  An ogre (D:6)
  3 centaurs
  2 phantoms
  A kobold brigand (D:6)
  A bullfrog (D:7)
  A gnoll sergeant (D:7)
  6 wights
  3 killer bees (D:9)
  A howler monkey (D:7)
  5 orc priests
  2 hounds (D:6)
  An iguana (D:7)
  7 orc wizards
  3 gnolls (D:7)
  An adder (D:2)
  15 orcs
  4 ball pythons
  3 endoplasms
  3 goblins
  5 hobgoblins
  A jackal (D:2)
  14 kobolds
  2 quokkas
  2 bats
  A frilled lizard (D:1)
  2 rats (D:1)
106 creatures vanquished.

Vanquished Creatures (others)
  5 battlemagi
  A butterfly (D:9)
6 creatures vanquished.

Grand Total: 278 creatures vanquished

Notes
Turn   | Place    | Note
-------+----------+-------------------------------------------
     0 | D:5      | cforsyth the Djinni Delver began the quest for the Orb.
     0 | D:5      | Reached XP level 1. HP: 20/20 MP: 0/0
     1 | D:5      | Identified the +6 mace "Dokowy" {freeze, Contam Fly rCorr
                  | Dex+5}
    12 | D:5      | Reached XP level 2. HP: 24/25 MP: 0/0
    29 | D:5      | Noticed Prince Ribbit
    32 | D:5      | Reached skill level 1 in Spellcasting
    32 | D:5      | Reached skill level 1 in Conjurations
    32 | D:5      | Reached skill level 1 in Hexes
    32 | D:5      | Reached skill level 1 in Summonings
    32 | D:5      | Reached skill level 1 in Necromancy
    32 | D:5      | Reached skill level 1 in Translocations
    32 | D:5      | Reached skill level 1 in Transmutations
    32 | D:5      | Reached skill level 1 in Fire Magic
    32 | D:5      | Reached skill level 1 in Ice Magic
    32 | D:5      | Reached skill level 1 in Air Magic
    32 | D:5      | Reached skill level 1 in Earth Magic
    32 | D:5      | Reached skill level 1 in Poison Magic
    32 | D:5      | Reached XP level 3. HP: 23/31 MP: 0/0
    32 | D:5      | Learned a level 1 spell: Apportation
    44 | D:5      | Killed Prince Ribbit
    45 | D:5      | Reached skill level 5 in Fighting
    45 | D:5      | Reached XP level 4. HP: 13/39 MP: 0/0
    45 | D:5      | Reached XP level 5. HP: 15/43 MP: 0/0
    45 | D:5      | Learned a level 2 spell: Searing Ray
    45 | D:5      | Reached XP level 6. HP: 17/49 MP: 0/0
   233 | D:5      | Noticed a black bear
   241 | D:5      | Killed a black bear
   242 | D:5      | Reached XP level 7. HP: 40/54 MP: 0/0
   242 | D:5      | Learned a level 2 spell: Jinxbite
   311 | D:5      | Found a stormy altar of Qazlal.
   311 | D:5      | Found an ornate altar of the Wu Jian Council.
   459 | D:5      | Reached skill level 6 in Fighting
   833 | D:4      | Found a staircase to the Ecumenical Temple.
   843 | Temple   | Entered the Ecumenical Temple
   856 | Temple   | Became a worshipper of Hepliaklqana the Forgotten
  1068 | D:3      | Found a glowing drain.
  1090 | Sewer    | Entered a sewer
  1141 | Sewer    | Noticed a water moccasin
  1150 | Sewer    | Killed a water moccasin
  1151 | Sewer    | Reached XP level 8. HP: 61/62 MP: 0/0
  1546 | D:4      | Reached * piety under Hepliaklqana
  1552 | D:4      | Reached skill level 7 in Fighting
  1594 | D:4      | Found a sacrificial altar of Ru.
  1646 | D:4      | Noticed Robin
  1677 | D:4      | Killed Robin
  1830 | D:4      | Noticed Sigmund
  1840 | D:4      | Killed Sigmund
  1887 | D:4      | Reached skill level 5 in Spellcasting
  1887 | D:4      | Reached skill level 5 in Conjurations
  1887 | D:4      | Reached skill level 5 in Hexes
  1887 | D:4      | Reached skill level 5 in Summonings
  1887 | D:4      | Reached skill level 5 in Necromancy
  1887 | D:4      | Reached skill level 5 in Translocations
  1887 | D:4      | Reached skill level 5 in Transmutations
  1887 | D:4      | Reached skill level 5 in Fire Magic
  1887 | D:4      | Reached skill level 5 in Ice Magic
  1887 | D:4      | Reached skill level 5 in Air Magic
  1887 | D:4      | Reached skill level 5 in Earth Magic
  1887 | D:4      | Reached skill level 5 in Poison Magic
  2520 | D:3      | Identified the +6 mace of Vanity {flame, rPois Str+3}
  2639 | D:3      | Noticed Grinder
  2649 | D:3      | Killed Grinder
  2650 | D:3      | Reached skill level 8 in Fighting
  2650 | D:3      | Reached XP level 9. HP: 43/63 MP: 0/0
  2650 | D:3      | Learned a level 4 spell: Leda's Liquefaction
  2796 | D:3      | Found a sparkling altar of Nemelex Xobeh.
  2806 | D:3      | Reached ** piety under Hepliaklqana
  2807 | D:3      | Remembered your ancestor Artakama as a battlemage
  3572 | D:2      | Identified the +2 hand axe "Sagitait" {protect, rElec
                  | Str+3}
  4103 | D:1      | Found Dexesiagh's Vocational Training.
  4254 | D:1      | Reached *** piety under Hepliaklqana
  5186 | D:6      | Reached **** piety under Hepliaklqana
  5333 | D:6      | Reached skill level 9 in Fighting
  5349 | D:6      | Found Zitzoune's One-of-a-Kind Rings.
  6242 | D:7      | Reached XP level 10. HP: 53/71 MP: 0/0
  6476 | D:7      | Reached skill level 10 in Fighting
  6629 | D:7      | Reached ***** piety under Hepliaklqana
  6642 | D:7      | Identified the +6 chain mail of Action {Contam Regen+
                  | Dex+2}
  6884 | D:8      | Reached skill level 1 in Armour
  7402 | D:8      | Found a staircase to the Lair.
  7408 | D:8      | Found Goesuc's Armour Boutique.
  7445 | D:8      | Bought a +2 pair of gloves of hurling for 236 gold pieces
  7615 | D:8      | Noticed a two-headed ogre
  7621 | D:8      | Killed a two-headed ogre
  7832 | D:8      | Reached skill level 11 in Fighting
  7871 | D:8      | Reached XP level 11. HP: 44/78 MP: 0/0
  7871 | D:8      | Learned a level 4 spell: Summon Lightning Spire
  8157 | D:9      | Noticed a two-headed ogre
  8180 | D:9      | Killed a two-headed ogre
  8181 | D:9      | Reached skill level 5 in Armour
  8344 | D:9      | Noticed Maurice
  8349 | D:9      | Something stole the +6 mace of Vanity {flame, rPois Str+3}
  8355 | D:9      | Something stole 2 throwing nets
  8357 | D:9      | Killed Maurice
  8371 | D:9      | Found a white marble altar of Elyvilon.
  8627 | D:9      | Noticed Erica
  8640 | D:9      | Killed Erica
  8673 | D:9      | Noticed an angel
  8674 | D:9      | Found a glowing silver altar of Zin.
  8738 | D:9      | Reached skill level 12 in Fighting
  9319 | D:10     | Entered Level 10 of the Dungeon
  9469 | D:10     | Noticed Snorg
  9475 | D:10     | HP: 1/80 [Snorg (13)]
  9489 | D:10     | Slain by Snorg

Illustrated notes

Levels and vault maps discovered:
D:1:      dpeg_arrival_refuge, layout_loops_corners, st_stairs_4,
          nicolae_shop_vocational
D:2:      layout_loops_corners
D:3:      layout_basic, nemelex_dance_club_becter, gup_sewer_entry_pipe,
          kennysheep_cross_bottleneck, uniq_grinder
D:4:      layout_gridville, hangedman_ru_absence, minmay_temple_entry_waves,
          chequers_serial_rivers_marsh, minmay_misc_feat_roman, uniq_sigmund,
          uniq_robin
D:5:      layout_rooms, gammafunk_temple_overflow_statue, uniq_prince_ribbit1
D:6:      layout_basic, grunt_ministairs_13, minmay_statues_item,
          roderic_three_in_a_row, nicolae_shop_unique_rings
D:7:      layout_basic, nicolae_kikubaaqudgha_miasma_corner
D:8:      layout_basic, david_lair_generic, serial_shops,
          nicolae_shop_waterfront
D:9:      layout_basic, zin_angel, nicolae_elyvilon_peaceful_grove,
          minivault_14, uniq_maurice, uniq_erica
D:10:     layout_small_grid, uniq_urug, uniq_lodul, uniq_snorg
Temple:   eino_wide_crystal_templ

Skill      XL: |  1  2  3  4  5  6  7  8  9 10 11 |
---------------+----------------------------------+-----
Spellcasting   | 1 2 3 4 5 6 7 8 |  8.4
Conjurations   | 1 2 3 4 5 6 7 8 |  8.4
Hexes          | 1 2 3 4 5 6 7 8 |  8.4
Summonings     | 1 2 3 4 5 6 7 8 |  8.4
Necromancy     | 1 2 3 4 5 6 7 8 |  8.4
Translocations | 1 2 3 4 5 6 7 8 |  8.4
Transmutations | 1 2 3 4 5 6 7 8 |  8.4
Fire Magic     | 1 2 3 4 5 6 7 8 |  8.4
Ice Magic      | 1 2 3 4 5 6 7 8 |  8.4
Air Magic      | 1 2 3 4 5 6 7 8 |  8.4
Earth Magic    | 1 2 3 4 5 6 7 8 |  8.4
Poison Magic   | 1 2 3 4 5 6 7 8 |  8.4
Fighting       | 5 6 8 9 11 12 | 12.1
Armour         | 4 6 |  6.7
Long Blades    | |  1.7
Dodging        | |  2.1
Stealth        | |  4.1

Action                     |  1- 3 |  4- 6 |  7- 9 | 10-12 || total
---------------------------+-------+-------+-------+-------++-------
  Melee: Mace              |    10 |     6 |   253 |   230 ||   499
         Punch             |       |       |     2 |     5 ||     7
   Cast: Searing Ray       |       |       |     2 |       ||     2
         Leda's Liquefacti |       |       |     6 |       ||     6
 Invoke: Ancestor Life: Ba |       |       |     1 |       ||     1
  Evoke: Wand              |       |       |     1 |     8 ||     9
    Use: Scroll            |       |       |    10 |     4 ||    14
   Stab: Distracted        |       |     1 |     3 |     4 ||     8
         Sleeping          |       |       |    25 |     2 ||    27
 Armour: Leather armour    |     6 |     7 |   182 |    13 ||   208
         Chain mail        |       |       |       |   331 ||   331
  Dodge: Dodged            |     5 |     7 |   170 |   104 ||   286

Table legend: (Time is in decaauts)
 A = Elapsed time spent in this place.
 B = Non-inter-level travel time spent in this place.
 C = Inter-level travel time spent in this place.
 D = Time resting spent in this place.
 E = Time spent auto-exploring this place.
 F = Levels seen in this place.
 G = Mean time per level.
                   A        B        C        D        E       F      G
               +--------+--------+--------+--------+--------+-----+--------+
         Total |   9715 |   9364 |    351 |    591 |   6839 |  12 |  809.6 |
       Dungeon |   9579 |   9241 |    338 |    591 |   6762 |  10 |  957.9 |
        Temple |     26 |     13 |     13 |      0 |      0 |   1 |   26.0 |
         Sewer |    109 |    109 |      0 |      0 |     77 |   1 |  109.0 |
               +--------+--------+--------+--------+--------+-----+--------+

Top non-repeatable levels by time:
     D:4: 1391 daAuts
     D:7: 1383 daAuts
     D:9: 1256 daAuts
     D:3: 1147 daAuts
     D:6: 874 daAuts
     D:8: 869 daAuts
     D:1: 848 daAuts
     D:2: 843 daAuts
     D:5: 784 daAuts
    D:10: 179 daAuts
   Sewer: 109 daAuts
  Temple: 26 daAuts
